 Dungeon Crawl Stone Soup version 0.31-a0-1278-g11c5b68f87 (webtiles) character file.

Game seed: 12524145386117611420

254 MackTheKnife the Shooter (level 5, 3/49 HPs)
             Began as a Minotaur Hunter on Dec 17, 2023.
             Quit the game in a sewer.
             The game lasted 00:02:26 (1240 turns).

MackTheKnife the Shooter (Minotaur Hunter)          Turns: 1240, Time: 00:02:27

Health: 3/49       AC:  9    Str: 16    XL:     5   Next: 91%
Magic:  4/4        EV: 12    Int:  6    God:
Gold:   98         SH:  0    Dex: 15    Spells: 4/4 levels left

rFire   . . .        a - +0 shortbow {bow}
rCold   . . .        (shield currently unavailable)
rNeg    . . .        c - +0 leather armour
rPois   .            d - +1 hat
rElec   .            (no cloak)
rCorr   .            (no gloves)
SInv    .            f - +0 pair of boots
Will    +....        (no amulet)
Stlth   +            i - +4 ring of protection
HPRegen 0.28/turn    (no ring)
MPRegen 0.09/turn

%: no passive effects
@: lethally poisoned (3 -> -6), attractive, enlightened, flying, slowed, very
slow
A: horns 2, retaliatory headbutt
a: no special abilities


You were in a sewer.
You visited 1 branch of the dungeon, and saw 5 of its levels.
You also visited: Sewer.

You collected 98 gold pieces.


Innate Abilities, Weirdness & Mutations

You have a pair of horns on your head.
You reflexively headbutt those who attack you in melee.


   Skills:
 + Level 5.6 Fighting
 + Level 6.4 Ranged Weapons
 - Level 2.1 Dodging
 - Level 0.7 Stealth


You had 4 spell levels left.
You didn't know any spells.
Your spell library contained the following spells:

 Spells                   Type           Power      Damage    Failure   Level
 Lesser Beckoning         Tloc           0%         N/A       67%         2
 Gell's Gravitas          Tloc           0%         N/A       88%         3
 Teleport Other           Tloc           0%         N/A       88%         3

Inventory:

Hand Weapons
 a - a +0 shortbow (weapon) {bow}
Missiles
 h - a throwing net {=f!fthrowing}
Armour
 c - a +0 leather armour (worn)
 d - a +1 hat (worn)
   (You found it on level 1 of the Dungeon)
 f - a +0 pair of boots (worn)
   (You found it on level 2 of the Dungeon)
Jewellery
 i - a +4 ring of protection (left hand)
   (You found it on level 2 of the Dungeon)
Wands
 l - a wand of mindburst (20)
   (You found it on level 5 of the Dungeon)
Scrolls
 b - a scroll of butterflies
 e - 2 scrolls of identify {unknown}
 k - a scroll of amnesia {unknown}
Potions
 g - a potion of attraction {!q}

Dungeon Overview and Level Annotations

Branches:
Dungeon (6/15) Zot: 26850   Sewer (1/1) Zot: 5830
 Temple: D:4-7

Altars:
Sif Muna

Shops:
D:2

( #..)~...# #..~~~..#
#)~≈≈≈~.# #.~≈≈≈~~#
#~~≈≈≈~.# #K~~≈~~.#
#..~≈~~.#
##################K~~≈~..#
~~~~~~~~~~~~~~~~@KK~~≈~.~#
##################..~≈~..#
##.~≈~~## #.~≈~.#
#.≈≈~.### #.~≈~..∩#
#.~≈~.### #.~≈~.# ##~≈~##


You could see 2 kobold brigands and a kobold.


Message History

You shoot an arrow. The arrow hits the jackal.
You kill the jackal! 😎 HP[+1]
You now have 49 max hp (+1).
Your hp is fully restored (49).
No target in view!
No target in view!
No target in view!
No target in view!
No target in view!
No target in view!
No target in view!
No target in view!
What are your orders? t - Shout!
Orders for allies: a - Attack new target. r - Retreat! s - Stop attacking. g - Guard the area. f - Follow me.
Anything else - Cancel.
You shout for attention!
You hear a shout!
A kobold brigand comes into view.
It is wielding a +0 club and quivering poisoned darts.
You shoot an arrow.
The arrow closely misses the kobold brigand.
The arrow hits the kobold brigand!
You shoot an arrow.
The arrow hits the kobold brigand but does no damage.
A kobold comes into view.
It is wielding a +1 short sword of venom.
You shoot an arrow.
The arrow hits the kobold brigand but does no damage.
You shoot an arrow.
The arrow closely misses the kobold brigand.
You shoot an arrow.
The arrow closely misses the kobold brigand.
You shoot an arrow. The arrow hits the kobold brigand.
You shoot an arrow.
The arrow barely misses the kobold brigand.
The arrow barely misses the kobold.
The kobold brigand completely misses you.
You furiously retaliate!
You headbutt the kobold brigand! You shoot an arrow.
The arrow hits the kobold brigand!
The kobold brigand splashes around in the water.
You shoot an arrow. The arrow hits the kobold brigand.
You shoot an arrow.
The arrow barely misses the kobold brigand.
The kobold brigand barely misses you.
The kobold brigand throws a curare-tipped dart.
The curare-tipped dart hits you.
You are poisoned.
You have difficulty breathing.
You feel yourself slow down. 😕 HP[-7]
You take 7 damage, and now have 42/49 hp.
You feel very sick. The kobold brigand barely misses you.
The kobold brigand throws a curare-tipped dart.
The curare-tipped dart hits you.
You are more poisoned.
You have difficulty breathing.
You feel as though you will be slow longer.
The kobold brigand hits you with a +0 club. 😮 HP[-10]
You take 10 damage, and now have 32/49 hp.
MASSIVE DAMAGE!! (PAUSE)
You enter the shallow water.
Moving in this stuff is going to be slow.
You feel extremely sick.
The kobold brigand attacks as it pursues you!
The kobold brigand hits you with a +0 club.
* * * LOW HITPOINT WARNING * * *
😨 HP[-8]
You take 8 damage, and now have 24/49 hp.
Unknown command.
You feel extremely sick.
The kobold brigand throws a poisoned dart.
The poisoned dart barely misses you.
The kobold brigand throws a poisoned dart.
The poisoned dart hits you!
You are lethally poisoned! 😨 HP[-7]
You take 7 damage, and now have 17/49 hp.
Unknown command.
It was a potion of attraction.
You feel attractive to monsters.
* * * LOW HITPOINT WARNING * * *
You feel very sick.
The kobold brigand hits you but does no damage.
The kobold brigand is attracted toward you. 😱 HP[-5]
You take 5 damage, and now have 12/49 hp.
It was a potion of enlightenment.
You feel very buoyant.
You fly up into the air.
* * * LOW HITPOINT WARNING * * *
You feel very sick.
The kobold brigand hits you with a +0 club.
* * * LOW HITPOINT WARNING * * *
😱 HP[-9]
You take 9 damage, and now have 3/49 hp.
Okay, then.
Okay, then.
Are you sure you want to abandon this character and quit the game? (Confirm with "yes".)

Skill      XL: |  1  2  3  4 |
---------------+-------------+-----
Fighting       | 3 4 5 |  5.6
Ranged Weapons | 5 6 |  6.4
Dodging        | |  2.1
Stealth        | |  0.7

Action                     |  1- 3 |  4- 6 || total
---------------------------+-------+-------++-------
   Fire: Shortbow          |    92 |    51 ||   143
    Use: Potion            |       |     2 ||     2
 Armour: Leather armour    |    28 |    18 ||    46
  Dodge: Dodged            |    25 |    20 ||    45

Levels and vault maps discovered:
D:1:      dpeg_arrival_arbitrary_c, layout_loops_ring
D:2:      layout_loops_cross, serial_shops, shop,
          hellmonk_ecumenical_altar_run_dry
D:3:      layout_basic, uniq_jessica
D:5:      layout_rooms, mainiacjoe_overflow_brackets, portal_sewer_entry_a,
          kennysheep_dice
D:6:      layout_loops_cross, serial_shops, nicolae_shop_back_alley_shop,
          kennysheep_nub, minmay_misc_feat_rugged
Sewer:    sewer_kobolds

Notes
Turn   | Place    | Note
-------+----------+-------------------------------------------
     0 | D:1      | MackTheKnife the Minotaur Hunter began the quest for the
                  | Orb.
     0 | D:1      | Reached XP level 1. HP: 18/18 MP: 0/0
     0 | D:1      | magus.rc [v1.9.6]
   139 | D:1      | Reached skill level 3 in Fighting
   139 | D:1      | Reached XP level 2. HP: 26/26 MP: 1/1
   295 | D:2      | Found a faded altar of an unknown god.
   453 | D:2      | Reached skill level 5 in Ranged Weapons
   453 | D:2      | Reached XP level 3. HP: 26/31 MP: 2/2
   483 | D:2      | Found Capiy's Antique Weapon Emporium.
   882 | D:3      | You pick up a book of Displacement and begin reading...
   882 | D:3      | You add the spells Lesser Beckoning, Gell's Gravitas and
                  | Teleport Other to your library.
   922 | D:3      | You fall into a shaft and drop 3 floors!
   927 | D:6      | Noticed a phantom
   941 | D:6      | Killed a phantom
   942 | D:6      | Reached skill level 4 in Fighting
   942 | D:6      | Reached XP level 4. HP: 32/41 MP: 3/3
   945 | D:5      | Entered Level 5 of the Dungeon
   992 | D:5      | Found a shimmering blue altar of Sif Muna.
  1059 | D:5      | Found a glowing drain.
  1066 | D:5      | Noticed a black bear
  1075 | D:5      | Killed a black bear
  1076 | D:5      | Reached skill level 5 in Fighting
  1076 | D:5      | Reached skill level 6 in Ranged Weapons
  1076 | D:5      | Reached XP level 5. HP: 44/48 MP: 4/4
  1091 | Sewer    | Entered a sewer
  1238 | Sewer    | HP: 12/49 [poisoned by a kobold brigand]
  1239 | Sewer    | HP: 3/49 [kobold brigand/+0 club (4)]
  1240 | Sewer    | Quit the game

Vanquished Creatures
  A black bear (D:5)
  A phantom (D:6)
  An adder (D:2)
  3 river rats (Sewer)
  2 worms (D:5)
  A dart slug (D:1)
  An orc (D:2)
  6 endoplasms
  3 giant cockroaches
  5 hobgoblins
  A jackal (Sewer)
  3 ball pythons
  5 bats
  A frilled lizard (D:1)
  2 goblins (D:1)
  5 kobolds
  6 rats
47 creatures vanquished.

Table legend:
 A = Non-vault XP
 B = Vault XP
 C = Vault XP percentage of total XP
 D = Non-vault monster count
 E = Vault monster count
 F = Vault count percentage of total count
                 A         B        C        D         E       F
            +---------+---------+-------+---------+---------+-------
      Total |     304 |      60 |  16.5 |      35 |      12 |  25.5
            +---------+---------+-------+---------+---------+-------
        D:1 |      29 |       0 |   0.0 |      17 |       0 |   0.0
        D:2 |      24 |       0 |   0.0 |       8 |       0 |   0.0
        D:3 |      15 |       0 |   0.0 |       8 |       0 |   0.0
        D:5 |     131 |      13 |   9.0 |       1 |       4 |  80.0
        D:6 |     105 |       0 |   0.0 |       1 |       0 |   0.0
      Sewer |       0 |      47 | 100.0 |       0 |       8 | 100.0
            +---------+---------+-------+---------+---------+-------

Skill      XL: |  1  2  3  4 |
---------------+-------------+-----
Fighting       | 3 4 5 |  5.6
Ranged Weapons | 5 6 |  6.4
Dodging        | |  2.1
Stealth        | |  0.7

Action                     |  1- 3 |  4- 6 || total
---------------------------+-------+-------++-------
   Fire: Shortbow          |    92 |    51 ||   143
    Use: Potion            |       |     2 ||     2
 Armour: Leather armour    |    28 |    18 ||    46
  Dodge: Dodged            |    25 |    20 ||    45

Illustrated notes

Table legend:
 A = Kills in this place as a percentage of kills in the entire game.
 B = Kills by you in this place as a percentage of kills by you in the entire game.
 C = Kills by friends in this place as a percentage of kills by friends in the entire game.
 D = Other kills in this place as a percentage of other kills in the entire game.
 E = Experience gained in this place as a percentage of experience gained in the entire game.
 F = Experience gained in this place divided by the number of levels of this place that you have seen.
                   A       B       C       D       E      F
               +-------+-------+-------+-------+-------+----------------------
         Total | 100.0 | 100.0 |   N/A |   N/A | 100.0 |  60.7
       Dungeon |  83.0 |  83.0 |   N/A |   N/A |  87.1 |  63.4
         Sewer |  17.0 |  17.0 |   N/A |   N/A |  12.9 |  47.0
               +-------+-------+-------+-------+-------+----------------------

Table legend: (Time is in decaauts)
 A = Elapsed time spent in this place.
 B = Non-inter-level travel time spent in this place.
 C = Inter-level travel time spent in this place.
 D = Time resting spent in this place.
 E = Time spent auto-exploring this place.
 F = Levels seen in this place.
 G = Mean time per level.
                   A        B        C        D        E       F      G
               +--------+--------+--------+--------+--------+-----+--------+
         Total |   1280 |   1178 |    102 |     52 |    681 |   6 |  213.3 |
       Dungeon |   1110 |   1008 |    102 |      0 |    621 |   5 |  222.0 |
         Sewer |    169 |    169 |      0 |     52 |     60 |   1 |  169.0 |
               +--------+--------+--------+--------+--------+-----+--------+

Top non-repeatable levels by time:
     D:2: 325 daAuts
     D:3: 315 daAuts
     D:1: 295 daAuts
   Sewer: 169 daAuts
     D:5: 149 daAuts
     D:6: 25 daAuts
